 Dungeon Crawl Stone Soup version 0.30-a0-777-ga9a30cbeda (webtiles) character file.

Game seed: 3313984149819282117

20494 HammerPanzer the Executioner (level 12, -11/135 HPs)
             Began as a Minotaur Berserker on Feb 14, 2023.
             Was a High Priest of Trog.
             Mangled by a skeletal warrior
             ... wielding a +0 short sword
              (13 damage)
             ... on level 13 of the Dungeon.
             The game lasted 00:33:53 (12586 turns).

HammerPanzer the Executioner (Minotaur Berserker)  Turns: 12586, Time: 00:33:53

Health: -11/135    AC: 18    Str: 32    XL:     12   Next: 45%
Magic:  11/11      EV:  8    Int:  4    God:    Trog [*****.]
Gold:   590        SH:  3    Dex: 11    Spells: 11/11 levels left

rFire   . . .      SeeInvis .    a - +0 war axe
rCold   . . .      Faith    .    z - +0 buckler
rNeg    . . .      Spirit   .    H - +0 plate armour
rPois   .          Reflect  .    (helmet restricted)
rElec   .          Harm     .    m - +1 cloak
rCorr   .          Rampage  .    E - +1 pair of gloves
Will    +....                    I - +2 pair of boots Stlth
                                 B - amulet of regeneration
HPRegen 1.22/turn                g - ring of willpower
MPRegen 0.12/turn                v - +6 ring of strength

@: berserking (expiring), very quick
A: horns 2, retaliatory headbutt
a: Renounce Religion, Berserk, Trog's Hand, Brothers in Arms


You were on level 13 of the Dungeon.
You worshipped Trog.
Trog was extremely pleased with you.
You visited 1 branch of the dungeon, and saw 13 of its levels.

You collected 747 gold pieces.
You spent 157 gold pieces at shops.

Inventory:

Hand Weapons
 a - a +0 war axe (weapon)
 b - a +0 sling
 L - a +1 scimitar of flaming
Missiles
 d - 39 poisoned darts (quivered)
 k - a throwing net
 x - 2 boomerangs of dispersal
Armour
 m - a +1 cloak (worn)
 s - a +1 chain mail of poison resistance
 z - a +0 buckler (worn)
 E - a +1 pair of gloves (worn)
 H - a +0 plate armour (worn)
 I - a +2 pair of boots (worn)
Jewellery
 g - a ring of willpower (left hand)
 v - a +6 ring of strength (right hand)
 B - an amulet of regeneration (around neck)
Wands
 f - a wand of mindburst (3)
 q - a wand of iceblast (17)
 w - a wand of charming (33)
 y - a wand of flame (11)
 G - a wand of polymorph (3)
Scrolls
 i - 4 scrolls of magic mapping
 l - 2 scrolls of fog
 t - 2 scrolls of poison
 A - 2 scrolls of identify
 D - 4 scrolls of enchant weapon
 K - 3 scrolls of summoning
Potions
 c - 4 potions of resistance
 e - a potion of brilliance
 h - 4 potions of haste
 j - 4 potions of heal wounds
 n - a potion of ambrosia
 o - 3 potions of flight
 p - 5 potions of curing
 r - 4 potions of might
 u - a potion of lignification
 C - 3 potions of mutation
Miscellaneous
 F - a tin of tremorstones (2/2)
 J - a phial of floods


   Skills:
 - Level 3.6 Fighting
 + Level 23.7 Axes
 - Level 2.4 Armour
 - Level 2.1 Dodging


You had 11 spell levels left.
You didn't know any spells.
Your spell library was empty.

Dungeon Overview and Level Annotations

Branches:
Dungeon (13/15)            Temple (0/1) D:4            Lair (0/5) D:10
    Orc (0/2) D:11
 Vaults: D:13-14

Altars:
Ashenzari
Dithmenos
Fedhas
Okawaru
Qazlal
Sif Muna
Trog
Vehumet
Wu Jian
The Shining One

Shops:
D:4 [

Portals:
Trove: D:13 (give +6 fire dragon scales)


Innate Abilities, Weirdness & Mutations

You have a pair of horns on your head.
You reflexively headbutt those who attack you in melee.


Message History

The skeletal warrior is almost destroyed.
You hit the skeletal warrior. You slice the skeletal warrior!!
You destroy the skeletal warrior!
Trog accepts your kill.
You barely miss the skeletal warrior.
The skeletal warrior hits you with a +0 short sword!
* * * LOW HITPOINT WARNING * * *
You barely miss the skeletal warrior.
Your headbutt misses the skeletal warrior.
The skeletal warrior is heavily damaged.
You hit the skeletal warrior but do no damage.
The skeletal warrior hits you but does no damage.
You block the skeletal warrior's attack.
You barely miss the skeletal warrior. You closely miss the skeletal warrior.
You barely miss the skeletal warrior.
You headbutt the skeletal warrior, but do no damage.
You closely miss the skeletal warrior.
The skeletal warrior hits you with a +0 short sword!
* * * LOW HITPOINT WARNING * * *
The skeletal warrior hits you with a +0 war axe.
* * * LOW HITPOINT WARNING * * *
You closely miss the skeletal warrior. You headbutt the skeletal warrior.
The skeletal warrior is lightly damaged.
You completely miss the skeletal warrior.
You slice the skeletal warrior!!
The skeletal warrior is moderately damaged.
You hit the skeletal warrior but do no damage.
The skeletal warrior hits you but does no damage.
The skeletal warrior hits you with a +0 war axe!
* * * LOW HITPOINT WARNING * * *
You slash the skeletal warrior!
Your headbutt misses the skeletal warrior.
The skeletal warrior is severely damaged.
You hit the skeletal warrior but do no damage.
You barely miss the skeletal warrior.
The skeletal warrior is severely damaged.
You slash the skeletal warrior!
The skeletal warrior hits you with a +0 short sword!
You die...

############ #.....
#........... #.....
#####...........
##.....##..##...........
.......#...##...####+###
.....#...##...####.### ####
...##..##.........##
#...######z##..##.........##
#.....#...z@....'.........##
+.....#........##..#########
#.....##...######..##.######
#.....##...##..##........#.#
##.....##....+..<.........#.#
+............#......#######..
##.....##...##..##..##...##..
#.....#######..##..##.......
#.....##...+...##..##.......


You could see 2 skeletal warriors.

Vanquished Creatures
  A vault guard (D:13)
  Erica (D:10)
  A centaur warrior (D:10)
  4 two-headed ogres
  2 skeletal warriors (D:13)
  A wizard (D:12)
  Pikel (D:5)
  A manticore (D:12)
  3 ugly things
  2 cyclopes (D:12)
  7 slime creatures
  2 gargoyles
  An efreet (D:13)
  3 trolls
  Prince Ribbit (D:7)
  3 hornets
  2 wraiths
  2 vampires
  8 yaks
  2 steam dragons
  5 vampire mosquitoes
  Duvessa (D:7)
  2 acid dragons
  An ice beast (D:3)
  11 orc warriors
  A black bear (D:6)
  4 ogres
  2 centaurs (D:8)
  3 phantoms
  3 lemures (D:5)
  6 kobold brigands
  A gnoll sergeant (D:5)
  4 bullfrogs
  5 scorpions
  A necrophage (D:6)
  9 wights
  10 killer bees
  Dowan (D:7)
  3 howler monkeys
  The ghost of caveywoolpert the Digger, a weakling DsEE (D:3)
  2 jellies
  A crimson imp (D:3)
  2 hounds (D:6)
  9 orc priests
  6 gnoll boudas
  2 bullfrog skeletons (D:3)
  2 centaur skeletons (D:3)
  3 iguanas
  12 orc wizards
  Ijyb (D:5)
  30 gnolls
  8 adders
  A worm (D:2)
  3 dart slugs
  55 orcs
  5 bats
  7 endoplasms
  3 giant cockroaches
  7 goblins
  11 hobgoblins
  7 quokkas
  3 ball pythons
  4 frilled lizards (D:1)
  A goblin skeleton (D:3)
  3 goblin zombies (D:3)
  2 hobgoblin zombies (D:3)
  17 kobolds
  A kobold zombie (D:3)
  An orc skeleton (D:3)
  8 rats
339 creatures vanquished.

Vanquished Creatures (others)
  A kobold (D:8)
  11 fungi
  38 plants
50 creatures vanquished.

Grand Total: 389 creatures vanquished

Notes
Turn   | Place    | Note
-------+----------+-------------------------------------------
     0 | D:1      | HammerPanzer the Minotaur Berserker began the quest for the
                  | Orb.
     0 | D:1      | Reached XP level 1. HP: 19/19 MP: 0/0
    49 | D:1      | Reached skill level 4 in Axes
   135 | D:1      | Reached XP level 2. HP: 21/26 MP: 1/1
   601 | D:1      | Reached ** piety under Trog
   805 | D:2      | Reached skill level 5 in Axes
   812 | D:2      | Reached XP level 3. HP: 23/31 MP: 2/2
  1165 | D:2      | Reached skill level 6 in Axes
  1165 | D:2      | Reached XP level 4. HP: 36/39 MP: 3/3
  1770 | D:3      | Reached skill level 7 in Axes
  1770 | D:3      | Reached XP level 5. HP: 45/45 MP: 4/4
  1820 | D:3      | Found a glowing golden altar of the Shining One.
  1820 | D:3      | You fall into a shaft and drop 1 floor!
  2020 | D:3      | Found an iron altar of Okawaru.
  2028 | D:3      | Reached *** piety under Trog
  2030 | D:3      | Found a bloodstained altar of Trog.
  2034 | D:3      | Found a stormy altar of Qazlal.
  2034 | D:3      | Found a shimmering blue altar of Sif Muna.
  2045 | D:3      | Found a blossoming altar of Fedhas.
  2255 | D:3      | Noticed a phantom
  2296 | D:3      | Found a transporter.
  2300 | D:3      | Noticed caveywoolpert's ghost (weakling DsEE)
  2301 | D:3      | Found a transporter.
  2501 | D:3      | Noticed an ice beast
  2506 | D:3      | Killed an ice beast
  2507 | D:3      | Reached skill level 8 in Axes
  2507 | D:3      | Reached XP level 6. HP: 51/51 MP: 5/5
  2815 | D:3      | Reached skill level 9 in Axes
  2894 | D:3      | Killed caveywoolpert's ghost
  2895 | D:3      | Reached XP level 7. HP: 57/57 MP: 6/6
  3076 | D:4      | Found a staircase to the Ecumenical Temple.
  3083 | D:4      | Reached skill level 10 in Axes
  3373 | D:4      | Reached skill level 11 in Axes
  3393 | D:4      | Found a radiant altar of Vehumet.
  3517 | D:4      | Found Tutor's Antique Armour Shop.
  3526 | D:4      | Bought a runed chain mail for 157 gold pieces
  3805 | D:4      | Reached XP level 8. HP: 57/64 MP: 7/7
  3851 | D:5      | Entered Level 5 of the Dungeon
  4034 | D:5      | Noticed Ijyb
  4044 | D:5      | Killed Ijyb
  4221 | D:5      | Reached skill level 12 in Axes
  4259 | D:5      | Noticed Pikel
  4268 | D:5      | Killed Pikel
  4269 | D:5      | Reached skill level 13 in Axes
  4801 | D:5      | Reached skill level 14 in Axes
  5171 | D:6      | Reached XP level 9. HP: 70/70 MP: 8/8
  5840 | D:7      | Reached skill level 15 in Axes
  6194 | D:7      | Noticed Prince Ribbit
  6204 | D:7      | Killed Prince Ribbit
  6301 | D:7      | Noticed Duvessa
  6301 | D:7      | Noticed Dowan
  6309 | D:7      | Killed Duvessa
  6311 | D:7      | Killed Dowan
  6572 | D:7      | Reached skill level 16 in Axes
  6684 | D:7      | Reached **** piety under Trog
  7181 | D:8      | Reached skill level 17 in Axes
  7181 | D:8      | Reached XP level 10. HP: 77/77 MP: 9/9
  8141 | D:9      | Reached skill level 18 in Axes
  8151 | D:9      | Paralysed by a hornet for 3 turns
  8733 | D:9      | Reached skill level 19 in Axes
  8861 | D:10     | Entered Level 10 of the Dungeon
  8875 | D:10     | Found an ornate altar of the Wu Jian Council.
  8895 | D:10     | Found a staircase to the Lair.
  8927 | D:10     | Found a shadowy altar of Dithmenos.
  9059 | D:10     | Noticed a centaur warrior
  9084 | D:10     | Killed a centaur warrior
  9095 | D:10     | Reached XP level 11. HP: 43/82 MP: 10/10
  9312 | D:10     | Noticed a two-headed ogre
  9331 | D:10     | Killed a two-headed ogre
  9332 | D:10     | Reached skill level 20 in Axes
  9360 | D:10     | Noticed a catoblepas
  9484 | D:10     | Noticed Erica
  9508 | D:10     | Killed Erica
  9822 | D:10     | Found a broken altar of Ashenzari.
 10284 | D:11     | Found a staircase to the Orcish Mines.
 10285 | D:11     | Reached ***** piety under Trog
 10530 | D:11     | Reached skill level 21 in Axes
 10570 | D:11     | Noticed a two-headed ogre
 10581 | D:11     | Killed a two-headed ogre
 10619 | D:11     | Noticed a two-headed ogre
 10627 | D:11     | Killed a two-headed ogre
 10868 | D:11     | Noticed a cyan ugly thing
 10874 | D:11     | Killed a cyan ugly thing
 11369 | D:12     | Found a shimmering blue altar of Sif Muna.
 11384 | D:12     | Reached skill level 22 in Axes
 11627 | D:12     | Noticed a brown ugly thing
 11634 | D:12     | Killed a brown ugly thing
 11649 | D:12     | Reached XP level 12. HP: 90/90 MP: 11/11
 12212 | D:13     | Reached skill level 23 in Axes
 12252 | D:13     | Noticed a two-headed ogre
 12260 | D:13     | HP: 3/135 [white ugly thing (24)]
 12261 | D:13     | Killed a two-headed ogre
 12458 | D:13     | Noticed a vault guard
 12464 | D:13     | Killed a vault guard
 12520 | D:13     | Found a portal to a secret trove of treasure.
 12584 | D:13     | HP: 1/135 [skeletal warrior/+0 war axe (13)]
 12586 | D:13     | Mangled by a skeletal warrior

Illustrated notes

Levels and vault maps discovered:
D:1:      evilmike_arrival_plus, layout_basic, kennysheep_decorative_pillar
D:2:      wad_woods_tower, layout_basic, minmay_crystal_room
D:3:      layout_basic, nicolae_tso_besieged_by_evil,
          nicolae_overflow_hallway_of_the_gods, gammafunk_ghost_mausoleum,
          chequers_garden
D:4:      layout_basic, mainiacjoe_overflow_chevrons, minmay_temple_entry_waves,
          serial_shops, shop
D:5:      layout_gridville, pf_guarded_unrand_woodcutter, uniq_ijyb, uniq_pikel
D:6:      layout_basic, serial_aquarium, aquarium_bridge_island_small
          [aquarium_subvault_small_open, aquarium_subvault_bridge,
          aquarium_subvault_wall, aquarium_subvault_wall,
          aquarium_subvault_bridge], aquarium_bridge_long_joined
          [aquarium_subvault_wall, aquarium_subvault_bridge,
          aquarium_subvault_wall, aquarium_subvault_bridge,
          aquarium_subvault_wall, aquarium_subvault_bridge],
          aquarium_window_fake, aquarium_window_2, aquarium_view_2c,
          aquarium_pool_S
D:7:      layout_basic, nrook_mini_backslash, uniq_prince_ribbit1, uniq_duvessa
D:8:      layout_loops_ring, minmay_small_thing
D:9:      kennysheep_seaside_town, layout_irregular_city
D:10:     hangedman_cross_stitches, layout_basic,
          nicolae_dithmenos_shadow_blocks, nicolae_wu_jian_immortal_techniques,
          kennysheep_little_box, lair_entry_dummy, uniq_erica
D:11:     layout_roguey, hiddenorc2_lemuel
D:12:     layout_basic, nicolae_sif_muna_condensation
D:13:     layout_gridville, erik_vaults_2, enter_trove_5

Skill      XL: |  1  2  3  4  5  6  7  8  9 10 11 12 |
---------------+-------------------------------------+-----
Axes           | 4 5 6 7 8 9 11 14 17 19 22 23 | 23.7
Fighting       | |  3.6
Armour         | |  2.4
Dodging        | |  2.1

Action                     |  1- 3 |  4- 6 |  7- 9 | 10-12 || total
---------------------------+-------+-------+-------+-------++-------
  Melee: Hand axe          |    86 |    77 |   255 |   459 ||   877
         Headbutt          |    10 |    14 |    59 |   145 ||   228
         Punch             |       |     4 |     1 |       ||     5
         War axe           |       |       |       |   157 ||   157
  Throw: Dart              |       |       |       |    15 ||    15
 Invoke: Berserk           |       |     4 |     8 |    19 ||    31
  Evoke: Wand              |       |       |       |     3 ||     3
    Use: Scroll            |     5 |     9 |     7 |    10 ||    31
 Armour: Animal skin       |     7 |       |       |       ||     7
         Ring mail         |    26 |    38 |    11 |       ||    75
         Chain mail        |       |       |    69 |   153 ||   222
         Plate armour      |       |       |       |    93 ||    93
  Dodge: Dodged            |    43 |    50 |    88 |   160 ||   341
  Block: Buckler           |       |       |    10 |    43 ||    53

Table legend: (Time is in decaauts)
 A = Elapsed time spent in this place.
 B = Non-inter-level travel time spent in this place.
 C = Inter-level travel time spent in this place.
 D = Time resting spent in this place.
 E = Time spent auto-exploring this place.
 F = Levels seen in this place.
 G = Mean time per level.
                   A        B        C        D        E       F      G
               +--------+--------+--------+--------+--------+-----+--------+
         Total |  12583 |  12158 |    425 |   2315 |   7544 |  13 |  967.9 |
       Dungeon |  12583 |  12158 |    425 |   2315 |   7544 |  13 |  967.9 |
               +--------+--------+--------+--------+--------+-----+--------+

Top non-repeatable levels by time:
    D:10: 1290 daAuts
     D:5: 1231 daAuts
     D:3: 1217 daAuts
     D:9: 1064 daAuts
     D:8: 1040 daAuts
    D:11: 1023 daAuts
     D:2: 966 daAuts
     D:7: 912 daAuts
     D:4: 901 daAuts
    D:12: 836 daAuts
     D:1: 793 daAuts
     D:6: 743 daAuts
    D:13: 563 daAuts
